 Dungeon Crawl Stone Soup version 0.29.1-12-g30fa7ad0bf (webtiles) character file.

Game seed: 13235610905821253709

6413 raph the Cleaver (level 10, -7/88 HPs)
             Began as a Hill Orc Fighter on Jan 9, 2023.
             Was an Elder of Beogh.
             Mangled by a five-headed hydra (12 damage)
             ... on level 9 of the Dungeon.
             The game lasted 00:14:40 (11627 turns).

raph the Cleaver (Hill Orc Fighter)                Turns: 11627, Time: 00:14:41

Health: -7/88      AC: 15    Str: 20    XL:     10   Next: 98%
Magic:  10/10      EV: 14    Int:  8    God:    Beogh [****..]
Gold:   529        SH:  0    Dex: 20    Spells: 9/9 levels left

rFire   + . .      SeeInvis .   b - +0 battleaxe (drain)
rCold   . . .      Faith    +   (shield currently unavailable)
rNeg    + + .      Spirit   .   k - +4 ring mail of Beogh, Crafting {rN++}
rPois   .          Reflect  .   (no helmet)
rElec   .          Harm     .   d - +1 cloak
rCorr   .          Rampage  .   (no gloves)
Will    .....                   m - +1 pair of boots
Stlth   +.........              n - amulet of faith
HPRegen 0.24/turn               F - +6 ring of dexterity
MPRegen 0.12/turn               q - ring of protection from fire

@: about to teleport, studying Polearms
A: no striking features
a: Renounce Religion, Smiting, Recall Orcish Followers


You were on level 9 of the Dungeon.
You worshipped Beogh.
Beogh was greatly pleased with you.
You visited 2 branches of the dungeon, and saw 10 of its levels.

You collected 583 gold pieces.
You spent 54 gold pieces at shops.

Inventory:

Hand Weapons
 a - a +3 war axe
 b - a +0 battleaxe of draining (weapon)
Missiles
 p - 4 boomerangs
 r - 7 curare-tipped darts (quivered)
Armour
 c - a +0 buckler
 d - a +1 cloak (worn)
 k - the +4 ring mail of Beogh, Crafting (worn) {rN++}
   (You found it on level 3 of the Dungeon)

   rN:        It greatly protects you from negative energy.
 m - a +1 pair of boots (worn)
 o - a +0 tower shield
 B - a +0 scale mail
Jewellery
 e - a ring of flight
 n - an amulet of faith (around neck)
 q - a ring of protection from fire (right hand)
 t - a ring of positive energy
 A - a ring of resist corrosion
 D - a ring of positive energy
 E - a ring of protection from fire
 F - a +6 ring of dexterity (left hand)
Wands
 C - a wand of digging (14)
 G - a wand of roots (1)
Scrolls
 g - a scroll of teleportation
 h - a scroll of magic mapping
 x - a scroll of amnesia
 y - a scroll of silence
Potions
 f - 10 potions of curing
 i - a potion of lignification
 j - 4 potions of magic
 l - a potion of mutation {unknown}
 s - 3 potions of flight
 u - 5 potions of brilliance
 v - 2 potions of haste {unknown}
 w - a potion of heal wounds
 z - a potion of degeneration {unknown}
 I - a potion of ambrosia


   Skills:
 + Level 8.1 Fighting
 * Level 14.8 Axes
 + Level 7.4 Armour
 + Level 4.9 Dodging
 - Level 6.3 Shields
 + Level 1.0 Invocations


You had 9 spell levels left.
You didn't know any spells.
Your spell library contained the following spells:

 Spells                   Type           Power      Damage    Failure   Level
 Necrotise                Necr           0%         1d4       56%         1
 Sting                    Tmut/Pois      0%         1d3       56%         1
 Ensorcelled Hibernation  Hex/Ice        0%         N/A       71%         2
 Poisonous Vapours        Pois/Air       0%         N/A       71%         2
 Static Discharge         Conj/Air       0%         3-3/arc   71%         2
 Confusing Touch          Hex            0%         N/A       90%         3
 Dazzling Flash           Conj/Hex       0%         N/A       90%         3
 Gell's Gravitas          Tloc           0%         N/A       90%         3
 Inner Flame              Hex/Fire       0%         N/A       90%         3
 Lesser Beckoning         Tloc           0%         N/A       90%         3
 Spider Form              Tmut/Pois      0%         N/A       90%         3
 Teleport Other           Tloc           0%         N/A       90%         3
 Vampiric Draining        Necr           0%         2d6       90%         3
 Anguish                  Hex/Necr       0%         N/A       100%        4
 Cause Fear               Hex            0%         N/A       100%        4
 Iskenderun's Mystic Bla  Conj/Tloc      0%         2d3       100%        4
 Olgreb's Toxic Radiance  Pois           0%         N/A       100%        4
 Agony                    Necr           0%         N/A       100%        5
 Lightning Bolt           Conj/Air       0%         1d11      100%        5
 Yara's Violent Unravell  Hex/Tmut       0%         3d3       100%        5
 Starburst                Conj/Fire      0%         6d3       100%        6
 Enfeeble                 Hex            0%         N/A       100%        7
 Discord                  Hex            0%         N/A       100%        8
 Maxwell's Capacitive Co  Air            0%         ∞         100%        8


Dungeon Overview and Level Annotations

Branches:
Dungeon (9/15)             Temple (0/1) D:5            Lair (1/5) D:9
    Orc: D:9-12

Altars:
Cheibriados
Elyvilon
Fedhas
Sif Muna
Vehumet
Wu Jian

Shops:
D:5 [   D:6 (   D:8 :

Annotations:
D:6 1 runed translucent door, Yolobob's ghost, novice TrMo
Lair:1 2 transporters, t4s4d4r's ghost, journeyman FeSu


Message History

The wolf closely misses you. The wolf bites you but does no damage.
The wolf closely misses you. The wolf attacks as you move away!
The wolf bites you. The wolf closely misses you.
The five-headed hydra bites you but does no damage.
The five-headed hydra bites you.
The five-headed hydra bites you but does no damage. x3
The five-headed hydra attacks as you move away!
The five-headed hydra bites you!
* * * LOW HITPOINT WARNING * * *
The five-headed hydra barely misses you.
The five-headed hydra bites you.
* * * LOW HITPOINT WARNING * * *
The five-headed hydra barely misses you.
The five-headed hydra closely misses you.
The wolf attacks as you move away! The wolf bites you.
* * * LOW HITPOINT WARNING * * *
The wolf closely misses you.
There is a staircase back to the Dungeon, spattered with blood here.
The wolf misses you. The five-headed hydra misses you.
The five-headed hydra bites you but does no damage.
The five-headed hydra barely misses you.
The five-headed hydra bites you but does no damage.
The five-headed hydra bites you.
* * * LOW HITPOINT WARNING * * *
You climb upwards.
Welcome back to the Dungeon!
There is a staircase to the Lair, spattered with blood here.
You see here a +0 flail.
As you read the scroll of teleportation, it crumbles to dust.
You feel strangely unstable. The wolf completely misses you.
The wolf barely misses you. The five-headed hydra bites you!
* * * LOW HITPOINT WARNING * * *
The five-headed hydra bites you.
* * * LOW HITPOINT WARNING * * *
The five-headed hydra bites you but does no damage.
The five-headed hydra bites you.
* * * LOW HITPOINT WARNING * * *
The five-headed hydra bites you!
You die...

#..........##..'........#.'
#.............##.^......#.#
#.......................#.#
#........###............#.#
#.....#...≈...#.........'.#
#....#..#...#..#.......o###
######.##.).##.######'### ####
#..)[.....# ###.# ...#
#≈..[@÷..≈# #...# # ...#
#...)hD...####.### # ...#
#.##...##.#......# # ...#
##..#...#..#......# # ...#
#.#...≈...#.......# # ...#
######....###.)........#####
...###..........................#
.......#####.#.######.......###..
...##### #...# ##......# ###


You could see a five-headed hydra and a wolf.

Vanquished Creatures
  Prince Ribbit (D:8)
  A wyvern (D:8)
  5 yaks
  5 water moccasins
  An orc warrior (D:7)
  Duvessa (D:6)
  4 black bears
  A sky beast (D:8)
  2 ogres
  9 wolves
  5 centaurs
  2 kobold brigands
  2 gnoll sergeants
  4 bullfrogs
  6 scorpions
  2 water moccasin zombies (D:4)
  Dowan (D:6)
  11 killer bees
  A bullfrog zombie (D:4)
  5 orc priests
  4 hounds
  2 jellies
  Crazy Yiuf (D:6)
  2 gnoll boudas (D:9)
  6 iguanas
  7 orc wizards
  A scorpion zombie (D:4)
  A hound zombie (D:4)
  25 gnolls
  10 adders
  A shadow imp (D:4)
  2 white imps
  An ufetubus (D:6)
  2 adder zombies (D:4)
  3 adder skeletons (D:4)
  4 worms
  4 dart slugs
  25 orcs
  6 bats
  3 endoplasms
  4 giant cockroaches
  7 goblins
  5 hobgoblins
  3 jackals (D:1)
  14 kobolds
  9 quokkas
  7 ball pythons
  3 frilled lizards
  A quokka zombie (D:4)
  4 rats
236 creatures vanquished.

Vanquished Creatures (collateral kills)
  A yak (Lair:1)
  An orc (D:9)
  A kobold (D:9)
3 creatures vanquished.

Vanquished Creatures (others)
  An orc wizard (Lair:1)
  A hound (D:5)
  An orc priest (D:5)
  3 orcs
  A butterfly (D:4)
  6 fungi
  11 plants
  2 withered plants (D:4)
26 creatures vanquished.

Grand Total: 265 creatures vanquished

Notes
Turn   | Place    | Note
-------+----------+-------------------------------------------
     0 | D:1      | raph the Hill Orc Fighter began the quest for the Orb.
     0 | D:1      | Reached XP level 1. HP: 19/19 MP: 1/1
    84 | D:1      | Reached skill level 3 in Axes
   364 | D:1      | Reached XP level 2. HP: 26/26 MP: 2/2
   481 | D:1      | Found a faded altar of an unknown god.
   790 | D:1      | Reached skill level 4 in Axes
   994 | D:2      | Reached XP level 3. HP: 31/31 MP: 3/3
  1221 | D:2      | Reached skill level 5 in Axes
  1561 | D:2      | Reached XP level 4. HP: 39/39 MP: 4/4
  1776 | D:3      | Noticed an ice beast
  1929 | D:3      | Found an ornate altar of the Wu Jian Council.
  1994 | D:3      | Reached skill level 6 in Axes
  2063 | D:3      | Identified the +4 ring mail of Beogh, Crafting {rN++}
  2453 | D:3      | Reached XP level 5. HP: 45/45 MP: 5/5
  2823 | D:4      | Reached skill level 7 in Axes
  2856 | D:4      | Reached skill level 8 in Axes
  2856 | D:4      | Reached XP level 6. HP: 51/51 MP: 6/6
  3121 | D:4      | Found a radiant altar of Vehumet.
  3336 | D:4      | Reached skill level 9 in Axes
  3657 | D:4      | Reached XP level 7. HP: 57/57 MP: 7/7
  3682 | D:4      | Reached skill level 10 in Axes
  3758 | D:4      | Found a white marble altar of Elyvilon.
  3982 | D:5      | Entered Level 5 of the Dungeon
  4322 | D:5      | Found Moxathra's Armour Boutique.
  4585 | D:5      | Bought a +0 cloak for 54 gold pieces
  4705 | D:5      | Reached skill level 11 in Axes
  4787 | D:5      | Became a worshipper of Beogh the Brigand
  4976 | D:5      | Reached XP level 8. HP: 64/64 MP: 8/8
  5011 | D:5      | Reached skill level 12 in Axes
  5280 | D:5      | Found a staircase to the Ecumenical Temple.
  5453 | D:5      | Reached skill level 1 in Dodging
  5813 | D:5      | Found a shimmering blue altar of Sif Muna.
  6033 | D:6      | Found Awkomu's Weapon Shoppe.
  6088 | D:6      | Noticed Dowan
  6089 | D:6      | Noticed Duvessa
  6104 | D:6      | Killed Duvessa
  6107 | D:6      | Killed Dowan
  6199 | D:6      | Reached * piety under Beogh
  6213 | D:6      | Reached skill level 5 in Fighting
  6213 | D:6      | Reached XP level 9. HP: 37/74 MP: 9/9
  6532 | D:6      | Found a runed translucent door.
  6534 | D:6      | Noticed Yolobob's ghost (novice TrMo)
  6843 | D:6      | Reached skill level 5 in Armour
  6843 | D:6      | Reached skill level 5 in Shields
  6886 | D:6      | Reached skill level 13 in Axes
  7026 | D:6      | Found a blossoming altar of Fedhas.
  7185 | D:6      | Found a runed translucent door.
  7186 | D:6      | Noticed Crazy Yiuf
  7193 | D:6      | Killed Crazy Yiuf
  7579 | D:7      | Identified the +2 rapier "Gram" {vorpal, rN+}
  7671 | D:7      | Reached ** piety under Beogh
  8694 | D:8      | Found Ebemook's Book Boutique.
  8735 | D:8      | Reached XP level 10. HP: 71/84 MP: 10/10
  9207 | D:8      | Found a snail-covered altar of Cheibriados.
  9426 | D:8      | Noticed Prince Ribbit
  9448 | D:8      | Killed Prince Ribbit
 10340 | D:9      | Reached *** piety under Beogh
 10498 | D:9      | Found a staircase to the Lair.
 10593 | D:9      | Reached skill level 14 in Axes
 10740 | Lair:1   | Entered Level 1 of the Lair of Beasts
 10778 | Lair:1   | HP: 2/88 [wolf (9)]
 11534 | Lair:1   | Found a transporter.
 11544 | Lair:1   | Noticed a moth of wrath
 11552 | Lair:1   | Found a transporter.
 11555 | Lair:1   | Noticed a five-headed hydra
 11557 | Lair:1   | Reached **** piety under Beogh
 11560 | Lair:1   | Reached skill level 1 in Invocations
 11579 | Lair:1   | Noticed t4s4d4r's ghost (journeyman FeSu)
 11627 | D:9      | Mangled by a five-headed hydra

Illustrated notes

Levels and vault maps discovered:
D:1:      ebering_hopf_link, layout_basic,
          shapermc_ecumenical_altar_mp_urbaneastern
D:2:      minmay_diamond_boxcup, layout_basic, minmay_tromino_v4_c
D:3:      minmay_razor_zed, layout_rooms, nicolae_ru_awakened_eye,
          nzn_wu_jian_contemplation, moated_statue
D:4:      layout_loops_ring, nicolae_elyvilon_peaceful_grove,
          mainiacjoe_overflow_alcove_1, serial_undead, serial_undead_d,
          serial_undead_c, serial_undead_a, serial_undead_f
D:5:      kennysheep_six_static_rooms, layout_basic,
          mainiacjoe_overflow_tiny_flanked, minmay_temple_entry_glassed_door,
          serial_shops, shop
D:6:      minmay_angry_zag, layout_cave_pools, kennysheep_mini,
          gammafunk_ghost_grave, serial_shops, nicolae_stop_n_shop_1,
          uniq_crazy_yiuf_cottage, uniq_duvessa
D:7:      layout_basic, minmay_manual_mares
D:8:      layout_basic, amcnicky_altar_gilded, serial_shops,
          nicolae_shop_statue_plus, grunt_ministairs_11, uniq_prince_ribbit1
D:9:      layout_roguey, dpeg_oklobed_lair
Lair:1:   layout_regular_city, gammafunk_ghost_berserking_beasts

Skill      XL: |  1  2  3  4  5  6  7  8  9 10 |
---------------+-------------------------------+-----
Axes           | 3 4 5 6 8 9 11 12 13 14 | 14.8
Fighting       | 5 6 8 |  8.1
Dodging        | 2 3 4 |  4.9
Armour         | 4 6 7 |  7.4
Shields        | 4 5 6 |  6.3
Invocations    | 1 |  1.0

Action                   |  1- 3 |  4- 6 |  7- 9 | 10-12 || total
-------------------------+-------+-------+-------+-------++-------
Melee: War axe           |    99 |   181 |   370 |    56 ||   706
       Battleaxe         |       |       |       |   111 ||   111
Throw: Dart              |       |       |     3 |       ||     3
Invok: Convert to Beogh  |       |       |     1 |       ||     1
  Use: Scroll            |     4 |     3 |    15 |     6 ||    28
       Potion            |       |     1 |     2 |     2 ||     5
 Stab: Invisible         |       |       |     1 |       ||     1
       Confused          |       |       |       |     2 ||     2
       Distracted        |       |       |       |     1 ||     1
Armor: Scale mail        |    57 |    12 |       |       ||    69
       Ring mail         |       |    63 |   181 |   126 ||   370
Dodge: Dodged            |    56 |    87 |   173 |   172 ||   488
Block: Buckler           |    25 |    43 |    81 |       ||   149
       Tower shield      |       |       |     6 |    58 ||    64
